[Event "Titled Tuesday Blitz November 22 Early 2022"]
[White "Matveeva, Olga"]
[Black "Karas, Marek"]
[WhiteFideId "24107018"]
[BlackFideId "14928558"]
[WhiteElo "2055"]
[BlackElo "2220"]
[Result "1/2-1/2"]
[Round "02"]
[TimeControl "180+1"]
[Date "2022.11.23"]
[WhiteClock "0:00:20"]
[BlackClock "0:00:10"]

1. d4 Nf6 2. c4 c5 3. d5 b5 4. cxb5 a6 5. bxa6 e6 6. Nc3 exd5 7. Nxd5 Nxd5 8. Qxd5 Nc6 9. e4 Bxa6 10. Bxa6 Qa5+ 11. Bd2 Qxa6 12. Nf3 Be7 13. Bc3 Nb4 14. Bxb4 cxb4 15. Rd1 O-O 16. Qd3 Qxa2 17. O-O Qxb2 18. Qxd7 Bf6 19. Rb1 Qa3 20. e5 Bd8 21. Qd6 b3 22. Qxa3 Rxa3 23. Nd4 Bc7 24. Rxb3 Rxb3 25. Nxb3 Bxe5 26. Re1 Bf6 27. g3 h5 28. h4 g6 29. Nc5 Rc8 30. Ne4 Bg7 31. Kg2 Rc2 32. Ng5 Bd4 33. Rf1 Kg7 34. Nh3 Be5 35. Re1 Bd6 36. Re4 f6 37. Ra4 Bc5 38. Ra6 Kf7 39. Rc6 Ke7 40. Ra6 Bd4 41. Ra8 Rc7 42. Ra2 Kf7 43. Nf4 Be5 44. Nd5 Rb7 45. Ne3 Rd7 46. Nc4 Bc3 47. Ne3 Be5 48. Nc4 Bc3 49. Ne3 Bb4 50. Nc4 Be7 51. Ne3 f5 52. Ra4 Rb7 53. Nc4 Rb5 54. Ra6 Rd5 55. Ne3 Rd3 56. Nc4 Bf6 57. Ra5 Rc3 58. Ne5+ Kg7 59. Ra7+ Kh6 60. Nf7+ Kg7 61. Ng5+ Kg8 62. Ne6 Rc2 63. Rd7 Be5 64. Ng5 Rc6 65. Nf3 Bf6 66. Ng5 Rb6 67. Nf3 Ra6 68. Ng5 Ra8 69. Nf3 Re8 70. Ng5 Be7 71. Nf3 Kg7 72. Ng5 Kf6 73. Ra7 Rd8 74. Ra6+ Bd6 75. Nf3 Kf7 76. Ng5+ Kf6 77. Nf3 Ke6 78. Ng5+ Kd5 79. Nf7 Rd7 80. Nxd6 Rxd6 81. Ra7 Ke5 82. Ra5+ Ke4 83. Ra2 f4 84. f3+ Kf5 85. Ra5+ Kf6 86. gxf4 Rd2+ 87. Kg3 Rd1 88. Ra6+ Kf5 89. Ra5+ Kf6 90. Ra6+ Kg7 91. f5 gxf5 92. Kf4 Rd4+ 93. Kxf5 Rxh4 94. Kg5 Rh1 95. Ra7+ Kf8 96. f4 h4 97. f5 h3 98. Kf6 Ke8 99. Ra8+ Kd7 100. Kf7 h2 101. Rh8 Kd6 102. f6 Ke5 103. Rh5+ Kf4 104. Kf8 Kg4 105. Rh8 Kf5 106. f7 Kf6 107. Rh6+ Kg5 108. Rh3 Kg4 109. Rh8 Kf5 110. Rh5+ Kg6 111. Rh3 Rf1 112. Rxh2 Rxf7+ 113. Ke8 Ra7 114. Rg2+ Kf6 115. Rf2+ Ke6 116. Re2+ Kd6 117. Rd2+ Ke6 118. Re2+ Kf6 119. Rf2+ Ke5 120. Re2+ Kd6 121. Rd2+ Ke6 122. Re2+ 1/2-1/2


[Site "https://www.chess.com"]

[Event "Titled Tuesday Blitz November 22 Early 2022"]
[White "Maung, Maung Kyaw Zaw Hein"]
[Black "Tanenbaum, Zachary"]
[WhiteFideId "13001698"]
[BlackFideId "2060850"]
[WhiteElo "2019"]
[BlackElo "2175"]
[Result "0-1"]
[Round "02"]
[TimeControl "180+1"]
[Date "2022.11.23"]
[WhiteClock "0:00:01"]
[BlackClock "0:00:15"]

1. Nf3 d5 2. d4 Nf6 3. c4 dxc4 4. e3 Bg4 5. Bxc4 e6 6. O-O Be7 7. h3 Bh5 8. Nc3 Nbd7 9. a3 O-O 10. b4 a5 11. b5 Nb6 12. Bb3 Nfd5 13. Nxd5 exd5 14. a4 Bd6 15. Ba3 Bxa3 16. Rxa3 Qd6 17. Ra2 f5 18. Qe2 Rae8 19. Re1 Kh8 20. g4 fxg4 21. Ne5 Nd7 22. hxg4 Nxe5 23. dxe5 Rxe5 24. f4 Rxf4 25. exf4 Rxe2 26. Raxe2 Qg6 27. Rg2 h6 28. gxh5 Qxh5 29. Bd1 Qf7 30. Rf1 c6 31. bxc6 bxc6 32. f5 Qf6 33. Rg6 Qd4+ 34. Kg2 Qd2+ 35. Kh1 Qd3 36. Kg1 Qe3+ 37. Rf2 Qe1+ 38. Rf1 Qe3+ 39. Kg2 Qe4+ 40. Kg1 Kh7 41. Re6 Qd4+ 42. Kg2 Qd2+ 43. Kg1 Qg5+ 44. Kf2 d4 45. Bf3 Qxf5 46. Rxc6 d3 47. Rd1 g5 0-1


[Site "https://www.chess.com"]

[Event "Titled Tuesday Blitz November 22 Early 2022"]
[White "Mayaud, Raphael"]
[Black "Ibadov, Dashgyn"]
[WhiteFideId "627151"]
[BlackFideId "24107514"]
[WhiteElo "2191"]
[BlackElo "2208"]
[Result "1-0"]
[Round "02"]
[TimeControl "180+1"]
[Date "2022.11.23"]
[WhiteClock "0:00:08"]
[BlackClock "0:00:02"]

1. d4 Nf6 2. Bg5 Ne4 3. Bf4 d5 4. e3 c5 5. Bd3 Nc6 6. Bxe4 dxe4 7. d5 g5 8. Bxg5 Bg7 9. Nc3 Bxc3+ 10. bxc3 Ne5 11. Ne2 b6 12. Ng3 Bb7 13. Nf5 f6 14. Qh5+ Ng6 15. Bf4 Qxd5 16. O-O e6 17. Ng3 Qxh5 18. Nxh5 Kf7 19. Rfd1 Rad8 20. a4 Bd5 21. h3 Bc4 22. Bg3 Be2 23. Rxd8 Rxd8 24. Nf4 Nxf4 25. Bxf4 e5 26. Bg3 Rd2 27. Rc1 Bd1 28. a5 Bxc2 29. axb6 axb6 30. Ra1 Bd3 31. Ra7+ Ke6 32. Rb7 b5 33. Rb6+ Ke7 34. Bh4 Rc2 35. Rxf6 Rxc3 36. Rh6+ Kd7 37. Rxh7+ Kc6 38. Rh6+ Kd5 39. Be7 Rc1+ 40. Kh2 b4 41. Rd6+ Kc4 42. Rc6 Kb5 43. Rc8 b3 44. h4 Rc2 45. Rb8+ Kc4 46. Bf6 Kd5 47. Bxe5 Kxe5 48. Kg3 b2 49. h5 Rd2 50. h6 b1=Q 51. Re8+ Kf6 52. h7 Qf1 53. h8=Q+ Kf7 54. Qf8+ Kg6 55. Re6+ Kg5 56. Qf6+ 1-0


[Site "https://www.chess.com"]

[Event "Titled Tuesday Blitz November 22 Early 2022"]
[White "Melikyan, Gnel"]
[Black "Bobomurodova, Maftuna"]
[WhiteFideId "54109990"]
[BlackFideId "14207400"]
[WhiteElo "2138"]
[BlackElo "1891"]
[Result "1-0"]
[Round "02"]
[TimeControl "180+1"]
[Date "2022.11.23"]
[WhiteClock "0:00:10"]
[BlackClock "0:00:21"]

1. d4 Nf6 2. c4 e5 3. dxe5 Ng4 4. Nf3 Bc5 5. e3 Nc6 6. a3 a5 7. Be2 Ngxe5 8. O-O O-O 9. Nc3 Nxf3+ 10. Bxf3 Ne5 11. Be2 Ra6 12. b3 Rh6 13. g3 d6 14. Nd5 Bh3 15. Re1 c6 16. Nf4 Bf5 17. Bb2 Qg5 18. Bd4 Ng4 19. h4 Rxh4 20. gxh4 Qxh4 21. Bxg4 Bxg4 22. f3 Qg3+ 23. Ng2 Bxf3 24. Qd2 h5 25. Qf2 Qg4 26. Rf1 Be4 27. Ra2 f5 28. Qf4 Qg6 29. Kh2 Bxd4 30. exd4 Re8 31. Nh4 Qf6 32. Rd2 g6 33. Rg1 Kf7 34. Rxg6 Qe7 35. Nxf5 Qc7 36. Rg7+ 1-0


[Site "https://www.chess.com"]

[Event "Titled Tuesday Blitz November 22 Early 2022"]
[White "Miszler, Levente"]
[Black "Kuchava, Ana"]
[WhiteFideId "763276"]
[BlackFideId "13605348"]
[WhiteElo "2176"]
[BlackElo "2001"]
[Result "1-0"]
[Round "02"]
[TimeControl "180+1"]
[Date "2022.11.23"]
[WhiteClock "0:00:28"]
[BlackClock "0:00:58"]

1. e4 c5 2. Nc3 Nc6 3. g3 e6 4. Bg2 g6 5. f4 d6 6. Nf3 Bg7 7. O-O Nge7 8. Ne2 O-O 9. c3 a6 10. Qc2 d5 11. e5 b5 12. d3 Bb7 13. Be3 Qc7 14. Bxc5 Rfd8 15. d4 Nf5 16. Qd2 h5 17. h3 Na5 18. b3 Bc6 19. g4 hxg4 20. hxg4 Nh6 21. Nh2 Nb7 22. Ba3 a5 23. Bb2 Qb6 24. Kh1 b4 25. Ng3 Bb5 26. Rf2 bxc3 27. Bxc3 a4 28. Rb1 axb3 29. Rxb3 Qc6 30. f5 Bc4 31. Rb2 exf5 32. gxf5 Nxf5 33. Nxf5 gxf5 34. Rxf5 Qh6 35. Qxh6 Bxh6 36. Rxb7 Rxa2 37. Rfxf7 Rc2 38. Bb4 Rc1+ 39. Nf1 Bxf1 40. Rxf1 Rxf1+ 41. Bxf1 Ra8 42. Bg2 Ra1+ 43. Kh2 Bf4+ 44. Kh3 Ra2 45. Bxd5+ Kh8 46. Bxa2 1-0


[Site "https://www.chess.com"]

[Event "Titled Tuesday Blitz November 22 Early 2022"]
[White "Mohammed, Zozek Salah Mohammed"]
[Black "Grabinsky, Vladimir"]
[WhiteFideId "4803361"]
[BlackFideId "14107074"]
[WhiteElo "2199"]
[BlackElo "2198"]
[Result "1-0"]
[Round "02"]
[TimeControl "180+1"]
[Date "2022.11.23"]
[WhiteClock "0:01:36"]
[BlackClock "0:00:16"]

1. d4 Nf6 2. Nf3 d5 3. c4 e6 4. g3 dxc4 5. Bg2 Nc6 6. O-O a6 7. a4 Rb8 8. a5 Bb4 9. Bd2 Bxd2 10. Qxd2 O-O 11. Na3 Qd5 12. e3 Qxa5 13. Qc2 b5 14. Nxc4 Qb4 15. Nce5 Nxe5 16. Nxe5 Bb7 17. Qxc7 Bxg2 18. Kxg2 Qxb2 19. Rxa6 Rfc8 20. Qxf7+ Kh8 21. Qxe6 h6 22. Nf7+ Kh7 23. Qf5+ Kg8 24. Nxh6+ gxh6 25. Qg6+ Kh8 26. Qxf6+ 1-0


[Site "https://www.chess.com"]

[Event "Titled Tuesday Blitz November 22 Early 2022"]
[White "Movahed, Sina"]
[Black "Johnson, Donald"]
[WhiteFideId "42520835"]
[BlackFideId "30949122"]
[WhiteElo "2225"]
[BlackElo "2132"]
[Result "1-0"]
[Round "02"]
[TimeControl "180+1"]
[Date "2022.11.23"]
[WhiteClock "0:02:18"]
[BlackClock "0:00:57"]

1. e4 c5 2. Nf3 d6 3. d4 cxd4 4. Nxd4 Nf6 5. Nc3 a6 6. Bg5 e6 7. f4 Be7 8. Qf3 Nbd7 9. Bc4 Nc5 10. O-O-O Qc7 11. Rhe1 Ncxe4 12. Nxe4 Qxc4 13. Nf5 Nxe4 14. Rxe4 Qxe4 15. Qxe4 Bxg5 16. Nxd6+ Ke7 17. fxg5 Rd8 18. Qb4 Rd7 19. Nxc8+ Kd8 20. Rxd7+ Kxd7 21. Nb6+ 1-0


[Site "https://www.chess.com"]

[Event "Titled Tuesday Blitz November 22 Early 2022"]
[White "Nakamura, Hikaru"]
[Black "Castillo Pena, Patricia Evarista"]
[WhiteFideId "2016192"]
[BlackFideId "6412106"]
[WhiteElo "2909"]
[BlackElo "1919"]
[Result "1-0"]
[Round "02"]
[TimeControl "180+1"]
[Date "2022.11.23"]
[WhiteClock "0:02:11"]
[BlackClock "0:00:30"]

1. Nf3 d5 2. g3 Nf6 3. Bg2 c5 4. d4 c4 5. b3 cxb3 6. axb3 Nc6 7. c4 e6 8. O-O Be7 9. Nc3 O-O 10. Bg5 h6 11. Bxf6 Bxf6 12. e3 a6 13. Ne1 Nb4 14. Nd3 Nxd3 15. Qxd3 Rb8 16. cxd5 exd5 17. Nxd5 Be6 18. Nf4 Bg4 19. Rfc1 Qb6 20. Nd5 Qd6 21. e4 Bg5 22. f4 Bd8 23. f5 Re8 24. h3 Bh5 25. g4 Bg5 26. e5 Rxe5 27. dxe5 Qxe5 28. Re1 Qd6 29. gxh5 Rd8 30. Rad1 Qc5+ 31. Kh1 Qf2 32. Ne7+ Bxe7 33. Qxd8+ Bxd8 34. Rxd8+ Kh7 35. Ree8 g6 36. f6 Qxf6 37. Rh8+ Kg7 38. Rdg8# 1-0


[Site "https://www.chess.com"]

[Event "Titled Tuesday Blitz November 22 Early 2022"]
[White "Nanditha, V"]
[Black "Omariev, Maksim"]
[WhiteFideId "46626697"]
[BlackFideId "4193423"]
[WhiteElo "1564"]
[BlackElo "2445"]
[Result "0-1"]
[Round "02"]
[TimeControl "180+1"]
[Date "2022.11.23"]
[WhiteClock "0:00:17"]
[BlackClock "0:01:25"]

1. e4 c5 2. Nf3 d6 3. d4 cxd4 4. Nxd4 Nf6 5. Nc3 a6 6. Be2 e6 7. Be3 Be7 8. Qd2 O-O 9. O-O-O b5 10. f3 Bb7 11. h4 b4 12. Na4 d5 13. e5 Nfd7 14. Bf4 Qa5 15. b3 Nc6 16. Kb1 Ncxe5 17. Bxe5 Nxe5 18. f4 Nc6 19. g4 Nxd4 20. Qxd4 Bc6 21. Nb2 Bf6 22. Qd2 Bc3 23. Qc1 Bb5 24. Bd3 Rfc8 25. g5 Rc6 26. h5 Rac8 27. Rh2 Qa3 28. g6 fxg6 29. hxg6 h6 30. f5 e5 31. Bxb5 axb5 32. Nd3 Qxa2+ 33. Kxa2 Ra6+ 34. Kb1 Ra1# 0-1


[Site "https://www.chess.com"]

[Event "Titled Tuesday Blitz November 22 Early 2022"]
[White "Nugumanov, Bakhtiyar"]
[Black "Pham, Khoi"]
[WhiteFideId "13701797"]
[BlackFideId "1054988"]
[WhiteElo "2287"]
[BlackElo "2445"]
[Result "0-1"]
[Round "02"]
[TimeControl "180+1"]
[Date "2022.11.23"]
[WhiteClock "0:00:01"]
[BlackClock "0:00:28"]

1. Nf3 f5 2. Ng1 Nf6 3. d4 g6 4. Nf3 Bg7 5. g3 O-O 6. c4 d6 7. Bg2 Qe8 8. Nc3 e5 9. dxe5 dxe5 10. e4 f4 11. O-O c6 12. Qe2 Na6 13. gxf4 Nh5 14. fxe5 Bg4 15. h3 Bxf3 16. Bxf3 Nf4 17. Bxf4 Rxf4 18. Rad1 Bxe5 19. Qe3 Qf8 20. Bg2 Nc5 21. Ne2 Ne6 22. Rd7 b6 23. Rfd1 Rf7 24. b3 Rxd7 25. Rxd7 Qf6 26. Qf3 Nf4 27. Nxf4 Bxf4 28. e5 Qxe5 29. Qxc6 Qe1+ 30. Bf1 Rf8 31. Qd5+ Kh8 32. Qd1 Qa5 33. Qg4 Qc5 0-1


[Site "https://www.chess.com"]

[Event "Titled Tuesday Blitz November 22 Early 2022"]
[White "Odegov, Artem"]
[Black "Kamsky, Gata"]
[WhiteFideId "34183644"]
[BlackFideId "2000024"]
[WhiteElo "2298"]
[BlackElo "2666"]
[Result "1/2-1/2"]
[Round "02"]
[TimeControl "180+1"]
[Date "2022.11.23"]
[WhiteClock "0:01:02"]
[BlackClock "0:01:00"]

1. d4 f5 2. g4 fxg4 3. h3 g3 4. fxg3 d5 5. Bg2 Nf6 6. Nc3 e6 7. e4 dxe4 8. Nxe4 Be7 9. Nxf6+ Bxf6 10. Ne2 O-O 11. O-O Nc6 12. Be3 Bd7 13. c3 Kh8 14. Nf4 e5 15. Nd5 exd4 16. Nxf6 Rxf6 17. Bxd4 Rxf1+ 18. Bxf1 Nxd4 19. Qxd4 Bc6 20. Qxd8+ Rxd8 21. Re1 Kg8 22. Bc4+ Kf8 23. Rf1+ Ke8 24. Rf7 Rd7 25. Rxd7 Kxd7 26. Kf2 Kd6 27. Ke3 Ke5 28. h4 h6 29. Bd3 b6 30. Bc2 Bd5 31. a3 c5 32. Bg6 Bc4 33. Bc2 g5 34. hxg5 hxg5 35. Bb1 Bd5 36. Bd3 a5 37. Bc2 Be6 38. Bd3 Bd5 39. Bc2 Be6 40. Bd3 Bd5 1/2-1/2


[Site "https://www.chess.com"]

[Event "Titled Tuesday Blitz November 22 Early 2022"]
[White "Odinaev, Timur"]
[Black "Bacrot, Etienne"]
[WhiteFideId "4163770"]
[BlackFideId "605506"]
[WhiteElo "2606"]
[BlackElo "2866"]
[Result "0-1"]
[Round "02"]
[TimeControl "180+1"]
[Date "2022.11.23"]
[WhiteClock "0:00:08"]
[BlackClock "0:00:08"]

1. e4 c5 2. Nc3 Nc6 3. Bb5 g6 4. Bxc6 bxc6 5. d4 Bg7 6. dxc5 Qa5 7. Nf3 Ba6 8. Bd2 Qxc5 9. Ne2 Nf6 10. Bc3 Nxe4 11. O-O Nxc3 12. bxc3 Bxe2 13. Qxe2 Bxc3 14. Rad1 d5 15. Rd3 O-O 16. h4 Bf6 17. h5 d4 18. hxg6 hxg6 19. Qe4 Rad8 20. Re1 Kg7 21. Red1 Rh8 22. Nxd4 Qh5 23. Kf1 Rd5 24. Nf3 Qh1+ 25. Ke2 Qxg2 26. Rxd5 cxd5 27. Qxd5 Qg4 28. Rg1 Qc8 29. Qe4 Qa6+ 30. Qd3 Qxa2 31. Re1 Qe6+ 32. Kd2 Qb6 33. Ne5 Rd8 34. Nd7 Qc7 35. Rxe7 Bxe7 36. Qd4+ f6 0-1


[Site "https://www.chess.com"]

[Event "Titled Tuesday Blitz November 22 Early 2022"]
[White "Orlov, Georgi"]
[Black "Abdyzhapar, Asylbek"]
[WhiteFideId "2011271"]
[BlackFideId "13800337"]
[WhiteElo "2531"]
[BlackElo "2323"]
[Result "0-1"]
[Round "02"]
[TimeControl "180+1"]
[Date "2022.11.23"]
[WhiteClock "0:00:07"]
[BlackClock "0:01:01"]

1. d4 Nf6 2. Nf3 e6 3. g3 c5 4. c4 cxd4 5. Nxd4 a6 6. Bg2 Qc7 7. Qd3 Nc6 8. Nd2 Ne5 9. Qc3 Bc5 10. e3 O-O 11. b4 Ba7 12. Bb2 d6 13. O-O Bd7 14. f4 Ng6 15. h3 Rac8 16. Rac1 Rfd8 17. Kh2 Qb8 18. Qb3 b5 19. cxb5 axb5 20. Nc6 Bxc6 21. Rxc6 Rxc6 22. Bxc6 d5 23. a4 bxa4 24. Bxa4 h5 25. Bxf6 gxf6 26. Rc1 h4 27. Nf3 hxg3+ 28. Kxg3 d4 29. Rd1 Bb6 30. exd4 Qxf4+ 31. Kg2 Qe4 32. Kf2 Bxd4+ 33. Nxd4 Rxd4 34. Rxd4 Qxd4+ 35. Ke1 Nf4 36. Kf1 Nd3 37. Qc2 Nxb4 38. Qg2+ Kf8 39. Bb5 Nd5 40. Qf2 Qa1+ 41. Kg2 Qe5 42. Bc6 Ne3+ 43. Kg1 f5 44. Bh1 f4 45. Bf3 Qg5+ 46. Kh2 f5 47. Qe1 Kg8 48. Qf2 e5 49. Bc6 Kg7 50. Bb7 Qh5 51. Qb2 Qe8 52. Bf3 Qe7 53. Qb6 e4 54. Bh5 Qg5 0-1


[Site "https://www.chess.com"]

[Event "Titled Tuesday Blitz November 22 Early 2022"]
[White "Orzech, Dominik"]
[Black "Harsha Bharathakoti"]
[WhiteFideId "1115065"]
[BlackFideId "5078776"]
[WhiteElo "2272"]
[BlackElo "2523"]
[Result "0-1"]
[Round "02"]
[TimeControl "180+1"]
[Date "2022.11.23"]
[WhiteClock "0:01:14"]
[BlackClock "0:01:13"]

1. d4 Nf6 2. Nf3 c5 3. d5 b5 4. Bg5 g6 5. Bxf6 exf6 6. e4 b4 7. Nbd2 Bg7 8. Bd3 O-O 9. Nc4 d6 10. O-O Qc7 11. h3 Nd7 12. a3 a5 13. Re1 Re8 14. axb4 cxb4 15. Nd4 Ba6 16. Nc6 Bxc4 17. Bxc4 Nc5 18. Ra2 Rxe4 19. Rxe4 Nxe4 20. Qe2 f5 21. Nxb4 Bd4 22. Nc6 Bxf2+ 23. Kh2 Qb6 24. g4 Re8 25. gxf5 Nf6 26. Qf3 Re3 27. Qxf2 Rxh3+ 28. Kg1 Rh1+ 29. Kxh1 Qxf2 30. Rxa5 Ne4 0-1


[Site "https://www.chess.com"]

[Event "Titled Tuesday Blitz November 22 Early 2022"]
[White "Osinovsky, Stepan"]
[Black "Danielyan, Vahe"]
[WhiteFideId "4157354"]
[BlackFideId "13304828"]
[WhiteElo "2222"]
[BlackElo "2423"]
[Result "1-0"]
[Round "02"]
[TimeControl "180+1"]
[Date "2022.11.23"]
[WhiteClock "0:00:35"]
[BlackClock "0:01:28"]

1. e4 d6 2. d4 Nf6 3. Nc3 e5 4. dxe5 dxe5 5. Qxd8+ Kxd8 6. Bg5 Be6 7. O-O-O+ Nd7 8. Nf3 Kc8 9. Nd5 c6 10. Nxf6 gxf6 11. Be3 Kc7 12. Nh4 b5 13. a3 a5 14. Be2 b4 15. a4 Nc5 16. Bxc5 Bxc5 17. f3 Rhg8 18. g3 Be3+ 19. Kb1 Rgd8 20. b3 Bd2 21. Bd3 Bc3 22. Nf5 Rd7 23. Be2 Rad8 24. Rxd7+ Rxd7 25. Rd1 Rxd1+ 26. Bxd1 Kb6 27. Kc1 Kc5 28. Be2 Bxf5 29. exf5 Kd4 30. Bd3 Ke3 31. Be4 c5 32. Kd1 Kf2 33. g4 Ke3 34. h4 Kf4 35. Ke2 Kg3 36. h5 h6 37. Kd3 Kf4 38. Kc4 Bd4 39. Kb5 Ke3 40. Kxa5 c4 41. Kxb4 cxb3 42. cxb3 Ba7 43. Kc4 1-0


[Site "https://www.chess.com"]

[Event "Titled Tuesday Blitz November 22 Early 2022"]
[White "Osmonbekov, Talaibek"]
[Black "Golichenko, Ilija"]
[WhiteFideId "2017253"]
[BlackFideId "14117223"]
[WhiteElo "2135"]
[BlackElo "2350"]
[Result "0-1"]
[Round "02"]
[TimeControl "180+1"]
[Date "2022.11.23"]
[WhiteClock "0:00:16"]
[BlackClock "0:00:04"]

1. d4 Nf6 2. Bf4 d5 3. Nc3 c6 4. e3 Bf5 5. f3 h6 6. g4 Bh7 7. h4 e6 8. Bd3 Bxd3 9. Qxd3 Bd6 10. Nge2 Qc7 11. O-O-O Nbd7 12. g5 Nh5 13. Bxd6 Qxd6 14. e4 O-O-O 15. Qe3 g6 16. gxh6 Qf8 17. exd5 exd5 18. Qg5 Qxh6 19. Rdg1 f6 20. Qxh6 Rxh6 21. Kd2 Rdh8 22. Nd1 Nf8 23. Ne3 Kd7 24. b3 Ke6 25. c4 dxc4 26. bxc4 Kf7 27. d5 Ng7 28. Ng2 Nf5 29. Rb1 b6 30. dxc6 Ne6 31. Kc3 Nxh4 32. Nxh4 Rxh4 33. Rxh4 Rxh4 34. Rd1 Rh7 35. Rd7+ Kg8 36. Rd6 Nc7 37. Rxf6 Re7 38. Nd4 Kg7 39. Rd6 Ne8 40. Ne6+ Kf6 41. Nd8+ Nxd6 42. Kd4 Nf5+ 43. Kd5 Re5# 0-1


[Site "https://www.chess.com"]

[Event "Titled Tuesday Blitz November 22 Early 2022"]
[White "Ostrovskiy, Aleksandr"]
[Black "Kvaloy, Aksel Bu"]
[WhiteFideId "2034239"]
[BlackFideId "1528815"]
[WhiteElo "2340"]
[BlackElo "2184"]
[Result "1-0"]
[Round "02"]
[TimeControl "180+1"]
[Date "2022.11.23"]
[WhiteClock "0:00:53"]
[BlackClock "0:00:57"]

1. d4 Nf6 2. Bf4 e6 3. e3 c5 4. Nf3 cxd4 5. exd4 b6 6. Be2 Bb7 7. O-O Be7 8. a4 a6 9. c4 O-O 10. a5 bxa5 11. Nc3 d6 12. Qa4 Nc6 13. Rfd1 Nd7 14. d5 Nc5 15. Qa3 Nb4 16. Qxa5 e5 17. Qxb4 exf4 18. Nd4 Qc7 19. Qa3 Bf6 20. b4 Nd7 21. Rac1 Rfe8 22. Bf1 a5 23. Ncb5 axb4 24. Qxa8 Qb6 25. Qxe8+ Nf8 26. Nc6 b3 27. Nxd6 Kh8 28. Qxf8# 1-0


[Site "https://www.chess.com"]

[Event "Titled Tuesday Blitz November 22 Early 2022"]
[White "Ozen, Bahadir"]
[Black "Averjanov, Alexey"]
[WhiteFideId "6337058"]
[BlackFideId "14109867"]
[WhiteElo "2503"]
[BlackElo "2605"]
[Result "1/2-1/2"]
[Round "02"]
[TimeControl "180+1"]
[Date "2022.11.23"]
[WhiteClock "0:00:18"]
[BlackClock "0:00:21"]

1. g3 c5 2. Bg2 Nc6 3. Nf3 g6 4. O-O Bg7 5. d3 e6 6. e4 Nge7 7. c3 O-O 8. Nbd2 b5 9. a3 Rb8 10. Re1 a5 11. a4 b4 12. e5 bxc3 13. bxc3 Qc7 14. Nc4 Ba6 15. Qe2 Rb3 16. Bd2 Nd5 17. Rac1 Rfb8 18. Qe4 f5 19. exf6 Bxf6 20. Nfe5 Nxe5 21. Nxe5 Bxe5 22. Qxe5 Qxe5 23. Rxe5 Bxd3 24. Rxd5 exd5 25. Bxd5+ Kf8 26. Bxb3 Rxb3 27. c4 Ra3 28. Bxa5 Rxa4 29. Bb6 Rxc4 30. Bxc5+ Kf7 31. Rxc4 Bxc4 32. f3 1/2-1/2


[Site "https://www.chess.com"]

[Event "Titled Tuesday Blitz November 22 Early 2022"]
[White "Piesik, Piotr"]
[Black "Xiong, Jeffery"]
[WhiteFideId "1136194"]
[BlackFideId "2047640"]
[WhiteElo "2316"]
[BlackElo "2725"]
[Result "1/2-1/2"]
[Round "02"]
[TimeControl "180+1"]
[Date "2022.11.22"]
[WhiteClock "0:00:14"]
[BlackClock "0:00:09"]

1. Nf3 c5 2. e4 d6 3. Bb5+ Nc6 4. O-O Bd7 5. Re1 Nf6 6. d4 cxd4 7. Nxd4 Rc8 8. c4 g6 9. Nc3 Bg7 10. f3 a6 11. Bxc6 bxc6 12. Be3 c5 13. Nc2 Bc6 14. Rb1 O-O 15. Nd5 Nd7 16. Bg5 Re8 17. Qd2 a5 18. Kh1 a4 19. Qf2 Ne5 20. Qe2 Rb8 21. Red1 h6 22. Bh4 g5 23. Bf2 e6 24. Nc3 Qe7 25. Na3 Rb4 26. b3 Reb8 27. Nc2 R4b7 28. bxa4 Rxb1 29. Rxb1 Rxb1+ 30. Nxb1 Bxa4 31. Nc3 Qa7 32. Nxa4 Qxa4 33. Ne3 Nc6 34. h4 Nb4 35. hxg5 hxg5 36. Bg3 Bd4 37. Ng4 Nxa2 38. Bxd6 Nc3 39. Qf1 f6 40. e5 f5 41. Qc1 Qd1+ 42. Qxd1 Nxd1 43. Nf6+ Kf7 44. Nd7 Nf2+ 45. Kh2 Nd3 46. g4 f4 47. Kg2 Ne1+ 48. Kf1 Nxf3 49. Bxc5 Bxc5 50. Nxc5 Nxe5 51. Ne4 Kg6 52. c5 Nxg4 53. c6 Ne3+ 54. Ke2 Nd5 55. Kd3 g4 56. Nc3 Nb4+ 57. Ke4 Nxc6 58. Kxf4 Kh5 59. Ne4 e5+ 60. Kg3 Nd4 61. Nf6+ Kg5 62. Nxg4 e4 63. Ne3 Ne2+ 64. Kf2 Nc3 65. Ng2 Kf5 66. Ke3 Ke5 67. Ne1 Nd5+ 68. Ke2 Kf4 69. Ng2+ Kg3 70. Ne3 Nf4+ 71. Kd2 Kf3 72. Nf5 Ne6 73. Ne3 Nd4 74. Nd5 Nf5 75. Ke1 Ne3 76. Nc3 Ng2+ 77. Kf1 e3 78. Ne2 Ke4 79. Kxg2 Kd3 80. Kf3 Kd2 81. Nf4 e2 82. Nxe2 1/2-1/2


[Site "https://www.chess.com"]

[Event "Titled Tuesday Blitz November 22 Early 2022"]
[White "Pinheiro, Iung Alicio de O."]
[Black "Kosakowski, Jakub"]
[WhiteFideId "2104350"]
[BlackFideId "1185080"]
[WhiteElo "2283"]
[BlackElo "2463"]
[Result "0-1"]
[Round "02"]
[TimeControl "180+1"]
[Date "2022.11.23"]
[WhiteClock "0:00:03"]
[BlackClock "0:00:18"]

1. e4 c5 2. Nf3 d6 3. Bc4 Nf6 4. d3 g6 5. O-O Bg7 6. c3 O-O 7. Bb3 Nc6 8. h3 b5 9. Re1 Bb7 10. d4 cxd4 11. cxd4 a5 12. Nc3 a4 13. Bc2 Qa5 14. Bg5 a3 15. Qd2 axb2 16. Rab1 b4 17. Nd5 Nxd5 18. exd5 Qxd5 19. Bb3 Qf5 20. Bh6 Na5 21. Bc2 Qh5 22. Bxg7 Kxg7 23. Be4 Bxe4 24. Rxe4 Nc4 25. Qxb4 d5 26. Rxe7 Rxa2 27. Ree1 Qf5 28. Ne5 Na3 29. Rxb2 Nc2 30. Rxc2 Rxc2 31. Rf1 Rfc8 32. Qa3 Qf4 33. Qe3 Qxe3 34. fxe3 f6 35. Nf3 Re2 36. Re1 Rcc2 37. Rxe2 Rxe2 38. Kf1 Rxe3 39. Kf2 Ra3 40. Kf1 Kf7 41. Kf2 Ke6 42. Kg3 Kf5 43. h4 Ke4 44. Kg4 h5+ 45. Kg3 Rxf3+ 46. gxf3+ Ke3 47. Kg2 f5 48. Kg3 f4+ 49. Kg2 Kxd4 50. Kf2 Kd3 0-1


[Site "https://www.chess.com"]

[Event "Titled Tuesday Blitz November 22 Early 2022"]
[White "Pranav Anand"]
[Black "Decuigniere, Tom"]
[WhiteFideId "46626786"]
[BlackFideId "26093820"]
[WhiteElo "2402"]
[BlackElo "2252"]
[Result "1-0"]
[Round "02"]
[TimeControl "180+1"]
[Date "2022.11.23"]
[WhiteClock "0:00:29"]
[BlackClock "0:00:06"]

1. Nf3 c5 2. g3 g6 3. Bg2 Bg7 4. O-O Nc6 5. e4 d6 6. d3 Bg4 7. Nbd2 e6 8. h3 Bxf3 9. Nxf3 Nge7 10. c3 O-O 11. h4 h6 12. Be3 b5 13. Qd2 Kh7 14. d4 cxd4 15. cxd4 d5 16. e5 Nf5 17. Bf4 Qb6 18. Rfd1 Rac8 19. g4 Nfe7 20. Be3 Qa5 21. Qe2 Qa4 22. h5 Nb4 23. b3 Qa3 24. Rd2 Rc7 25. Kh2 Rfc8 26. g5 Rc2 27. gxh6 Bxh6 28. Bxh6 Kxh6 29. Qe3+ Kg7 30. h6+ Kh8 31. Qg5 Ng8 32. Qf4 R8c7 33. Kg3 Rxd2 34. Qxd2 Rc2 35. Qf4 Nd3 36. Qxf7 Qe7 37. Qxg6 Nxf2 38. Qxc2 Ne4+ 39. Kh2 Nxh6 40. Rh1 Kg7 41. Qc1 Nf5 42. Qf4 Qf7 43. Kg1 Qc7 44. Ng5 Neg3 45. Rh7+ Kg6 46. Rxc7 Ne2+ 47. Kh2 Nxf4 48. Nf3 1-0


[Site "https://www.chess.com"]

[Event "Titled Tuesday Blitz November 22 Early 2022"]
[White "Pranav, V"]
[Black "Arabidze, Meri"]
[WhiteFideId "25060783"]
[BlackFideId "13604040"]
[WhiteElo "2430"]
[BlackElo "2403"]
[Result "1-0"]
[Round "02"]
[TimeControl "180+1"]
[Date "2022.11.22"]
[WhiteClock "0:01:50"]
[BlackClock "0:01:08"]

1. e4 c5 2. Nf3 e6 3. b3 b6 4. Bb2 Bb7 5. Nc3 Nc6 6. g3 Nge7 7. Bg2 Ng6 8. O-O Be7 9. d4 cxd4 10. Nxd4 O-O 11. Re1 Rc8 12. Nxc6 Bxc6 13. Ne2 Bf6 14. Nd4 Ba8 15. Qd2 d5 16. exd5 Bxd5 17. Bxd5 Qxd5 18. c4 Qd7 19. Rad1 Rfd8 20. Qe2 Qb7 21. Nb5 Qe7 22. Ba3 Qb7 23. Nd6 Rxd6 24. Bxd6 h6 25. h4 Be7 26. Bxe7 Nxe7 27. Qe4 Qa6 28. Rd7 Nf5 29. Qb7 Qxa2 30. Qxc8+ 1-0


[Site "https://www.chess.com"]